 Dungeon Crawl Stone Soup version 0.31.0-11-ge490571c62 (webtiles) character file.

Game seed: 1277069919960913627

123 RancidPinata the Sneak (level 5, -14/37 HPs)
             Began as an Octopode Delver on Feb 2, 2024.
             Shot with a sling bullet by Joseph (15 damage)
             ... on level 7 of the Dungeon.
             The game lasted 00:01:01 (225 turns).

RancidPinata the Sneak (Octopode Delver)             Turns: 225, Time: 00:01:01

Health: -14/37     AC:  1    Str: 11    XL:     5   Next: 7%
Magic:  5/5        EV: 14    Int: 13    God:
Gold:   19         SH:  0    Dex: 15    Spells: 4/4 levels left

rFire   . . .        a - +0 short sword
rCold   . . .        (no shield)
rNeg    . . .        (helmet restricted)
rPois   .            (no amulet)
rElec   .            (no ring)
rCorr   .            (no ring)
SInv    .            (no ring)
Will    .....        (no ring)
Stlth   +++++        (no ring)
HPRegen 0.26/turn    (no ring)
MPRegen 0.09/turn    (no ring)
                     (no ring)

%: no passive effects
@: marked
A: almost no armour, amphibious, 8 rings, camouflage 1, gelatinous body 1,
(nimble swimmer 1), tentacles
a: no special abilities


You were on level 7 of the Dungeon.
You visited 1 branch of the dungeon, and saw 3 of its levels.

You collected 19 gold pieces.

Inventory:

Hand Weapons
 a - a +0 short sword (weapon)
Wands
 f - a wand of digging (3)
Scrolls
 b - a scroll of fog
 c - 2 scrolls of revelation
 d - a scroll of fear
Potions
 e - a potion of haste
 g - a potion of attraction {unknown}


   Skills:
 * Level 3.8 Fighting
 + Level 2.9 Short Blades
 * Level 3.0 Dodging
 * Level 7.4 Stealth


You had 4 spell levels left.
You didn't know any spells.
Your spell library was empty.

Dungeon Overview and Level Annotations

Branches:
Dungeon (7/15)
 Temple: D:4-7

Altars:

Annotations:
D:7 Joseph


Innate Abilities, Weirdness & Mutations

You cannot wear most types of armour.
You are amphibious.
You can wear up to eight rings at the same time.
Your skin changes colour to match your surroundings (Stealth+).
Your rubbery body absorbs attacks. (AC +1, EV +1)
((You are camouflaged when in or above water. (Stealth+)))
You have tentacles for arms and can constrict up to eight enemies at once.


Message History

HP restored.
The jelly quivers.
You hit the jelly.
Your tentacles burn!
You squeeze the jelly!
The jelly is almost dead.
The jelly hits you.
You are splashed with acid!
You hit the jelly.
You kill the jelly!
Your Dodging skill increases to level 3!
You have reached level 5!
You feel clever.
Unknown command.
You start resting.
HP restored.
There is a stone staircase leading down here.
You climb downwards.
Found a stone staircase leading up.
There is a stone staircase leading up here. 2 steam dragons come into view.
Found a stone.
There is a stone staircase leading up here.
Found a scroll labelled JIKKUPR FOLA.
There is a stone staircase leading up here.
Found an escape hatch in the ceiling.
Found a large pearl ring.
Joseph, a Mercenary comes into view.
He is wielding a +0 quarterstaff.
You see here a scroll labelled JIKKUPR FOLA.
Joseph shouts!
Joseph unwields a +0 quarterstaff.
Joseph wields a +0 sling of electrocution.
You hear the crackle of electricity.
Joseph shoots a sling bullet.
The sling bullet barely misses you.
A malevolent force fills the Dungeon...
With a horrendous wail, an alarm goes off!
A sentinel's mark forms upon you.
You hear a shout!
You hear an angry hiss. x4; You hear a shout!
Joseph shoots a sling bullet.
The sling bullet hits you!
You are electrocuted!
Joseph shoots a sling bullet.
The sling bullet hits you!
* * * LOW HITPOINT WARNING * * *
Joseph shoots a sling bullet.
The sling bullet hits you!
You die...

#..<...#. ..##
####....#.# # #..#
#.........# #.
..#####....#.#.# ...
#...##....<..#.#
..##.#..........#.#
................#
#.###.#............#
#...@...............#
#####.<..............
#......?..........
#.................^
#................#.8
...................
...................8
###.........@.......
#...............


You could see Joseph.

Vanquished Creatures
  A phantom (D:6)
  A jelly (D:6)
  An adder (D:6)
  2 ufetubi (D:6)
5 creatures vanquished.

Notes
Turn   | Place    | Note
-------+----------+-------------------------------------------
     0 | D:5      | RancidPinata the Octopode Delver began the quest for the
                  | Orb.
     0 | D:5      | Reached XP level 1. HP: 16/16 MP: 1/1
     1 | D:6      | Noticed a phantom
     6 | D:6      | Killed a phantom
     7 | D:6      | Reached skill level 7 in Stealth
     7 | D:6      | Reached XP level 2. HP: 13/21 MP: 2/2
     7 | D:6      | Reached XP level 3. HP: 16/26 MP: 3/3
     7 | D:6      | Reached XP level 4. HP: 20/31 MP: 4/4
   149 | D:6      | Reached XP level 5. HP: 23/37 MP: 5/5
   208 | D:7      | Noticed a steam dragon
   208 | D:7      | Noticed a steam dragon
   218 | D:7      | Noticed Joseph
   224 | D:7      | HP: 1/37 [Joseph/sling bullet (12)]
   225 | D:7      | Shot with a sling bullet by Joseph

Illustrated notes

Levels and vault maps discovered:
D:5:      layout_basic, mainiacjoe_overflow_brackets, kennysheep_generic_room_14
D:6:      layout_basic, kennysheep_nub, uniq_maggie, uniq_jeremiah
D:7:      kennysheep_steamy, layout_basic, slow_altar_1,
          minmay_temple_entry_statues_pillars, uniq_joseph

Skill      XL: |  1  2  3  4 |
---------------+-------------+-----
Stealth        | 7 |  7.4
Dodging        | 3 |  3.0
Fighting       | |  3.8
Short Blades   | |  2.9

Action                     |  1- 3 |  4- 6 || total
---------------------------+-------+-------++-------
  Melee: Short sword       |     5 |     9 ||    14
         Tentacles         |     1 |     3 ||     4
         Constrict         |       |     3 ||     3
   Stab: Sleeping          |     1 |       ||     1
 Armour: Skin              |     2 |     8 ||    10
  Dodge: Dodged            |     1 |    15 ||    16
